AoeStats
← ivcrk826

Arabia

507967109Analyzed
1v1 RM · 11d ago on Sep 20, 2026· 41m 53s· 2 players
Game mode
Random Map
Map size
Tiny (2 player)
Population
200
Speed
Normal
Resources
Standard
Victory
Conquest
Starting age
Dark Age
Ending age
Imperial Age
RankedLock teamsTeams togetherTeam positionsShared explorationLock speedFull tech treeHidden civsTurbo modeCheats
Victory
Defeat
🇦🇷 Georgians · Argentina
1102
+15
🇨🇳 Mongols · China
1071
-15
摸摸他菇
9:03 Feudal Age
8:31 Loom
9:52 Double-Bit Axe
11:48 Man-at-Arms
20:02 Castle Age
18:57 Bloodlines
18:44 Horse Collar
20:13 Scale Barding Armor
21:17 Bow Saw
29:09 Husbandry
29:03 Fletching
31:52 Wheelbarrow
31:32 Bodkin Arrow
33:13 Gold Mining
38:49 Imperial Age
36:54 Ballistics
37:56 Stone Mining
38:32 Padded Archer Armor
39:00 Heavy Camel Rider
39:48 Scale Barding Armor
41:14 Masonry
ivcrk826
6:28 Loom
9:26 Feudal Age
10:27 Double-Bit Axe
21:08 Castle Age
20:04 Bloodlines
19:44 Horse Collar
20:23 Scale Barding Armor
21:37 Forging
22:33 Chain Barding Armor
27:58 Wheelbarrow
29:53 Husbandry
31:37 Iron Casting
37:03 Imperial Age
37:11 Cavalier
38:29 Plate Barding Armor
39:39 Blast Furnace
41:11 Conscription
40:45 Fletching
Connection lost

Rejoining the realm…

Still unreachable

The connection could not be restored.

Session expired

The server has moved on; the page needs a fresh start.